 Dungeon Crawl Stone Soup version 0.17-a0-1409-ge6d9485 (webtiles) character file.

140 wvc the Cudgeler (level 5, -5/41 HPs)
             Began as a Draconian Wanderer on June 22, 2015.
             Was a Follower of Cheibriados.
             Slain by an orc
             ... wielding a +0 trident
              (7 damage)
             ... on level 3 of the Dungeon.
             The game lasted 00:04:21 (2312 turns).

wvc the Cudgeler (Draconian Wanderer)               Turns: 2312, Time: 00:04:21

Health: -5/41      AC:  7    Str: 15    XL:     5   Next: 2%
Magic:  6/6        EV: 12    Int: 14    God:    Cheibriados [*.....]
Gold:   138        SH:  0    Dex: 15    Spells: 0 memorised, 6 levels left

rFire  . . .     SeeInvis .     e - +1 mace
rCold  . . .     Clarity  .     (armour unavailable)
rNeg   . . .     SustAt   .     (no shield)
rPois  .         Gourm    .     (helmet restricted)
rElec  .         Spirit   .     o - +0 cloak
rCorr  .         Warding  .     (no gloves)
rMut   .         Stasis   .     p - +0 pair of boots
MR     ++...                    (no amulet)
Stlth  +.........               (no ring)
                                (no ring)

@: very slow, very resistant to hostile enchantments, very unstealthy
A: unfitting armour, hooves 1, magic resistance 2, cold-blooded, AC +5
a: Bend Time, Renounce Religion


You were on level 3 of the Dungeon.
You worshipped Cheibriados.
Cheibriados was aware of your devotion.
You were not hungry.

You visited 1 branch of the dungeon, and saw 3 of its levels.

You collected 138 gold pieces.

Inventory:

Hand weapons
 b - a +2 blowgun
 c - a +0 shortbow
 e - a +1 mace (weapon)
Missiles
 a - 3 curare-tipped needles
 d - 47 arrows
Armour
 o - a +0 cloak (worn)
 p - a +0 pair of boots (worn)
Jewellery
 n - an uncursed ring of flight
Scrolls
 g - a scroll of enchant weapon
 i - a scroll of fog
Potions
 h - a potion of haste {unknown}
 j - 3 potions of curing
 q - a potion of flight
Comestibles
 f - 3 bread rations
 k - 2 chunks of flesh
 l - a meat ration


   Skills:
 - Level 2.1 Fighting
 * Level 5.1 Maces & Flails
 - Level 1.0 Throwing
 - Level 2.0 Dodging
 - Level 1.0 Spellcasting
   Level 1.0 Necromancy
   Level 1.0 Transmutations
 + Level 1.0 Evocations


You had 6 spell levels left.
You didn't know any spells.

Dungeon Overview and Level Annotations

Branches:
Dungeon (3/15)

Altars:
Cheibriados


Innate Abilities, Weirdness & Mutations

Your plain brown scales are hard (AC +5).
Your body does not fit into most forms of armour.
You are cold-blooded and may be slowed by cold attacks.
You have large cloven feet.
You are highly resistant to hostile enchantments.


Message History

The orc wizard hits you but does no damage.
You closely miss the orc wizard.
The orc wizard is moderately wounded.
The orc completely misses you. The orc hits you but does no damage.
The orc wizard barely misses you.
Unknown command.
You closely miss the orc wizard.
The orc wizard is moderately wounded.
The orc barely misses you.
The orc wizard hits you with a dagger of electrocution.
You are electrocuted!
* * * LOW HITPOINT WARNING * * *
The orc hits you with a club.
* * * LOW HITPOINT WARNING * * *
Unknown command.
The orc barely misses you. x3
The orc wizard mumbles some strange words.
The orc wizard blinks!
The orc hits you but does no damage. The orc hits you with a trident!
You die...

#.#.................
#.#..###..##..#####.....
#.#.......##..# ....
#.#..####.....# .....
#............## .....
#.#........#.#### ......
#.#####..#.##.##......
..........o§.........
.#####..#w##o@...o...
..........o........
........<..s....#..#
....................
...................#
...................#
.##.##.#..#.#..###.# #.
#.#..#.#..# .#


You could see an orc wizard, 3 orcs and a giant cockroach.

Vanquished Creatures
  An orc priest (D:3)
  Ijyb (D:2)
  Jessica (D:2)
  2 adders (D:2)
  A giant gecko (D:2)
  3 orcs (D:3)
  A ball python (D:2)
  3 giant cockroaches
  7 hobgoblins
  2 kobolds (D:2)
  6 bats
  3 giant newts (D:1)
  3 goblins (D:1)
  2 quokkas (D:2)
  6 rats
42 creatures vanquished.

Notes
Turn   | Place    | Note
--------------------------------------------------------------
     0 | D:1      | wvc the Draconian Wanderer began the quest for the Orb.
     0 | D:1      | wvc set off with: 3 curare-tipped needles, a +2 blowgun, a +0 shortbow, 25 arrows, a +0 mace, a bread ration
     0 | D:1      | Reached XP level 1. HP: 17/17 MP: 2/2
   456 | D:1      | Reached XP level 2. HP: 21/24 MP: 3/3
   835 | D:2      | Noticed Jessica
   850 | D:2      | Reached skill level 4 in Maces & Flails
   850 | D:2      | Reached XP level 3. HP: 7/29 MP: 4/4
  1181 | D:2      | Killed Jessica
  1195 | D:2      | Reached skill level 1 in Dodging
  1305 | D:2      | Found a snail-covered altar of Cheibriados.
  1313 | D:2      | Became a worshipper of Cheibriados the Contemplative
  1413 | D:2      | Gained mutation: You are resistant to hostile enchantments. [potion of mutation]
  1413 | D:2      | Gained mutation: You are highly resistant to hostile enchantments. [potion of mutation]
  1413 | D:2      | Gained mutation: You have large cloven feet. [potion of mutation]
  1662 | D:2      | Noticed Ijyb
  1683 | D:2      | Killed Ijyb
  1683 | D:2      | Reached XP level 4. HP: 27/36 MP: 5/5
  2265 | D:3      | Reached skill level 5 in Maces & Flails
  2303 | D:3      | Reached XP level 5. HP: 22/41 MP: 6/6
  2306 | D:3      | Acquired Cheibriados's first power
  2310 | D:3      | HP: 1/41 [orc/club (4)]
  2312 | D:3      | Slain by an orc

Vault maps used:
D:1:      dpeg_arrival_simpleton_c, minmay_misc_feat_hallway, minmay_box_of_dots
D:2:      cheibriados_altar_1, uniq_iyjb, uniq_jessica
D:3:      lemuel_doored_altar, first_bread

Action                   |  1- 3 |  4- 6 || total
-------------------------+-------+-------++-------
Melee: Mace              |    97 |    42 ||   139
  Use: Scroll            |     9 |     5 ||    14
       Potion            |     1 |       ||     1
 Stab: Sleeping          |     2 |       ||     2
       Distracted        |     1 |       ||     1
  Eat: Royal jelly       |     1 |       ||     1
       Chunk             |     1 |       ||     1
       Meat ration       |       |     1 ||     1
